 Dungeon Crawl Stone Soup version 0.25-a0-489-g9ae84a01e3 (webtiles) character file.

Game seed: 10991582228745037524, levelgen mode: deterministic

27328 Emblim88 the Grappler (level 13, -6/131 HPs)
             Began as a Troll Monk on Feb 11, 2020.
             Was an Elder of Uskayaw.
             Mangled by a yak (11 damage)
             ... on level 3 of the Lair of Beasts.
             The game lasted 00:45:35 (13804 turns).

Emblim88 the Grappler (Troll Monk)                 Turns: 13804, Time: 00:45:36

Health: -6/131     AC: 11    Str: 26    XL:     13   Next: 3%
Magic:  19/19      EV: 10    Int:  6    God:    Uskayaw [****..]
Gold:   742        SH: 10    Dex: 12    Spells: 5/12 levels left

rFire    . . .     SeeInvis .     - Unarmed
rCold    . . .     Gourm    +   M - +0 kite shield
rNeg     . . .     Faith    .   a - +0 robe
rPois    .         Spirit   .   v - +2 hat
rElec    .         Reflect  .   T - +2 cloak
rCorr    .         Harm     .   (gloves unavailable)
MR       +....                  (boots unavailable)
Stlth    +.........             s - amulet of rage
HPRegen  0.71/turn              Y - ring of attention (curse)
MPRegen  0.16/turn              D - ring of protection from magic

@: no status effects
A: large, unfitting armour, claws 3, fast metabolism 3, gourmand, regeneration
1, shaggy fur 1, tough skin 3
a: Stomp, Line Pass, Renounce Religion, Evoke Berserk Rage


You were on level 3 of the Lair of Beasts.
You worshipped Uskayaw.
Uskayaw was aware of your devotion.
You were completely stuffed.

You visited 2 branches of the dungeon, and saw 17 of its levels.

You collected 871 gold pieces.
You spent 129 gold pieces at shops.

Inventory:

Missiles
 c - a throwing net
 j - 478 stones
 y - 12 boomerangs
 F - 4 curare-tipped darts
 J - 4 large rocks
 R - 3 javelins (quivered)
Armour
 a - a +0 robe (worn)
 v - a +2 hat (worn)
 M - a +0 kite shield (worn)
 T - a +2 cloak (worn)
Jewellery
 n - an uncursed ring of magical power
 s - an amulet of rage (around neck)
 D - a ring of protection from magic (right claw)
 N - a +3 ring of dexterity
 Y - a cursed ring of attention (left claw)
Wands
 G - a wand of digging (2)
 K - a wand of flame (69)
 O - a wand of polymorph (6)
 S - a wand of enslavement (9)
 U - a wand of scattershot (5)
 X - a wand of paralysis (7)
Scrolls
 d - 3 scrolls of enchant weapon
 f - 2 scrolls of noise
 h - 2 scrolls of magic mapping
 i - 9 scrolls of remove curse
 l - 3 scrolls of immolation
 m - a scroll of teleportation
 p - a scroll of enchant armour
 q - a scroll of fog
 t - a scroll of random uselessness
 u - 2 scrolls of amnesia
 w - 5 scrolls of fear
 B - 3 scrolls of blinking
 H - 2 scrolls of identify
 P - a scroll of vulnerability {unknown}
Potions
 e - 4 potions of haste
 g - 2 potions of invisibility
 k - 3 potions of resistance {unknown}
 o - 3 potions of flight
 x - 2 potions of degeneration
 z - 5 potions of cancellation {unknown}
 A - 8 potions of curing
 C - a potion of magic
 E - 4 potions of brilliance {unknown}
 I - a potion of agility
 L - a potion of berserk rage
 Q - a potion of ambrosia {unknown}
 V - 2 potions of lignification {unknown}
Comestibles
 b - 30 rations
 W - 2 chunks of flesh


   Skills:
 + Level 9.6 Fighting
 - Level 3.9 Dodging
 - Level 1.0 Stealth
 * Level 5.5 Shields
 * Level 12.7 Unarmed Combat
 - Level 4.1 Necromancy
 - Level 2.9 Poison Magic
 * Level 9.5 Invocations
 - Level 2.2 Evocations


You had 5 spell levels left.
You knew the following spells:

 Your Spells              Type           Power        Failure   Level  Hunger
a - Vampiric Draining     Necr           #.........   50%         3    ####...
b - Olgreb's Toxic Radia  Pois           #.......     97%         4    #####..

Your spell library contained the following spells:

 Spells                   Type           Power        Failure   Level  Hunger
 Animate Skeleton         Necr           N/A          19%         1    ##.....
 Pain                     Necr           #...         19%         1    ##.....
 Sting                    Tmut/Pois      #...         52%         1    ##.....
 Poisonous Vapours        Pois/Air       #.....       65%         2    ###....
 Apportation              Tloc           #.....       71%         1    ##.....
 Freeze                   Ice            #...         71%         1    ##.....
 Summon Butterflies       Summ           #.......     71%         1    ##.....
 Animate Dead             Necr           N/A          88%         4    #####..
 Ignite Poison            Fire/Tmut/Pois #.......     91%         3    ####...
 Mephitic Cloud           Conj/Pois/Air  #.......     91%         3    ####...
 Frozen Ramparts          Ice            #.....       97%         3    ####...
 Lesser Beckoning         Tloc           #.........   97%         3    ####...
 Ozocubu's Armour         Chrm/Ice       #.......     97%         3    ####...
 Tukima's Dance           Hex            #.......     97%         3    ####...
 Agony                    Necr           #.......     99%         5    ######.
 Hailstorm                Conj/Ice       #.......     100%        4    #####..
 Summon Ice Beast         Ice/Summ       #.......     100%        4    #####..
 Alistair's Intoxication  Tmut/Pois      #.......     100%        5    ######.
 Invisibility             Hex            #.......     100%        6    #######


Dungeon Overview and Level Annotations

Branches:
Dungeon (12/15)            Temple (0/1) D:6            Lair (5/6) D:9
  Swamp (0/4) Lair:2          Orc (0/2) D:11
  Snake: Lair:2-4    Spider: Lair:2-4     Slime: Lair:5-6

Altars:
Dithmenos
Sif Muna
Uskayaw
Vehumet
Wu Jian
Zin

Shops:
D:6 (([*}

Annotations:
D:11 Sonja
D:12 3 runed translucent doors, Muar's ghost, journeyman DrCj
Lair:2 exclusion: 3 oklob plants


Innate Abilities, Weirdness & Mutations

You are too large for most types of armour.
You have claws for hands.
Your metabolism is lightning-fast.
You like to eat raw meat.
Your natural rate of healing is unusually fast.
You are covered in fur. (AC +1)
You have extremely tough skin. (AC +3)


Message History

* * * LOW HITPOINT WARNING * * *
Uskayaw will force your foes to share their pain.
Uskayaw links your audience in an emotional bond!
You mangle the yak!!
You kill the yak!
You block the yak's attack.
You scratch the yak.
The yak is heavily wounded.
The yak barely misses you.
You completely miss the yak.
The yak is heavily wounded.
The yak barely misses you. x2
You claw the yak!
The yak is severely wounded.
The yak gores you!
* * * LOW HITPOINT WARNING * * *
You mangle the yak!!
You kill the yak!
The yak gores you!
You die...

..# ..# ### ..###.# .....## ###
### # ..#..##
####.#########.#######
.##...######..##.#.#.#...###.....
.#...............................
....#....P.#.###Y##.#.###...#.#P.
.###...P.P######@†###.###########
.####P.#..####.#†## #..#### ###
...##.....##...^.# ##.#.#.#####.#
#................###..P........##
#.##..#.##.##....#.#.............
#.#########........#........^...#
.÷### #..P##....##...##.##..#
#.#.########..#.##.####..#####..#
#.#...<.........##.###...###....#


You could see a yak.

Vanquished Creatures
  Harold (D:8)
  2 hydras
  A tengu warrior (D:10)
  Nergalle (D:11)
  2 cyclopes
  2 ugly things (D:12)
  An oklob plant (Lair:2)
  2 black mambas
  Maurice (D:8)
  2 spiny frogs
  9 komodo dragons
  2 rime drakes
  A tengu conjurer (D:10)
  5 polar bears (Lair:1)
  A troll (D:12)
  8 blink frogs
  3 hippogriffs
  Sigmund (D:2)
  A wyvern (D:10)
  A wraith (D:12)
  A vampire (D:11)
  21 yaks
  Grum (D:9)
  A basilisk (Lair:1)
  3 hungry ghosts
  2 wargs (D:11)
  7 porcupines
  7 water moccasins
  3 sky beasts
  An eye of draining (D:12)
  2 ice beasts (D:12)
  6 orc warriors
  6 phantoms
  3 ogres
  3 black bears
  9 wolves
  2 centaurs
  4 crocodiles
  3 big kobolds
  Blork the orc (D:6)
  16 bullfrogs
  A wyvern zombie (D:9)
  A gnoll sergeant (D:10)
  5 scorpions
  A water moccasin skeleton (D:6)
  13 wights
  8 howler monkeys
  5 crimson imps
  3 centaur zombies
  A quasit (D:9)
  3 bullfrog zombies
  3 hounds
  5 jellies
  4 orc priests
  A centaur skeleton (D:6)
  14 orc wizards
  5 bullfrog skeletons
  3 iguanas
  4 worker ants
  A hound zombie (D:11)
  A hound skeleton (D:5)
  Robin (D:2)
  17 gnolls
  12 adders
  2 river rats (D:5)
  A shadow imp (D:6)
  7 oozes
  2 adder skeletons
  2 worms
  A dart slug (D:4)
  5 leopard geckos
  29 orcs
  A ball python (D:3)
  8 bats
  7 giant cockroaches
  11 goblins
  8 hobgoblins
  20 jackals
  17 kobolds
  5 quokkas
  2 frilled lizards
  A jackal zombie (D:5)
  A quokka skeleton (D:5)
  8 rats
399 creatures vanquished.

Vanquished Creatures (others)
  An orc (D:11)
  2 fungi
  2 plants (Lair:2)
5 creatures vanquished.

Grand Total: 404 creatures vanquished

Notes
Turn   | Place    | Note
-------+----------+-------------------------------------------
     0 | D:1      | Emblim88 the Troll Monk began the quest for the Orb.
     0 | D:1      | Reached XP level 1. HP: 22/22 MP: 0/0
    91 | D:1      | Reached XP level 2. HP: 29/29 MP: 1/1
   957 | D:2      | Noticed Robin
   964 | D:2      | Reached XP level 3. HP: 37/37 MP: 2/2
   973 | D:2      | Killed Robin
  1030 | D:2      | Noticed Sigmund
  1045 | D:2      | Killed Sigmund
  1045 | D:2      | Reached skill level 4 in Unarmed Combat
  1045 | D:2      | Reached XP level 4. HP: 26/48 MP: 3/3
  1045 | D:2      | Reached XP level 5. HP: 29/54 MP: 4/4
  1132 | D:2      | Reached skill level 5 in Unarmed Combat
  1584 | D:3      | Reached XP level 6. HP: 56/63 MP: 5/5
  2129 | D:3      | Found a faded altar of an unknown god.
  2461 | D:4      | Reached skill level 5 in Fighting
  2461 | D:4      | Reached skill level 6 in Unarmed Combat
  2461 | D:4      | Reached XP level 7. HP: 68/72 MP: 6/6
  3364 | D:5      | Entered Level 5 of the Dungeon
  3436 | D:4      | Reached skill level 7 in Unarmed Combat
  3537 | D:4      | Reached XP level 8. HP: 71/83 MP: 7/7
  3697 | D:5      | Reached skill level 8 in Unarmed Combat
  4324 | D:6      | Found a shadowy altar of Dithmenos.
  4325 | D:6      | Found a glowing silver altar of Zin.
  4325 | D:6      | Found an ornate altar of the Wu Jian Council.
  4327 | D:6      | Found a radiant altar of Vehumet.
  4328 | D:6      | Found a hide-covered altar of Uskayaw.
  4340 | D:6      | Found Caam's Weapon Boutique.
  4351 | D:6      | Became a worshipper of Uskayaw the Reveler
  4351 | D:6      | Reached * piety under Uskayaw
  4415 | D:6      | Reached ** piety under Uskayaw
  4422 | D:6      | Reached *** piety under Uskayaw
  4425 | D:6      | Reached **** piety under Uskayaw
  4432 | D:6      | Reached ***** piety under Uskayaw
  4478 | D:6      | Found a staircase to the Ecumenical Temple.
  4501 | D:6      | Learned a level 3 spell: Vampiric Draining
  4508 | D:6      | Noticed Blork the orc
  4521 | D:6      | Killed Blork the orc
  4521 | D:6      | Reached XP level 9. HP: 91/93 MP: 8/8
  4529 | D:6      | Found a shimmering blue altar of Sif Muna.
  4684 | D:6      | Reached skill level 1 in Invocations
  4719 | D:6      | Found Woixougy's Antique Armour Shop.
  4743 | D:6      | Found Gosyates's Assorted Antiques.
  4752 | D:6      | Bought a fizzy emerald potion for 19 gold pieces
  4752 | D:6      | Bought a small emerald ring for 110 gold pieces
  4779 | D:6      | Found Witob's Antique Weapon Boutique.
  4788 | D:6      | Reached skill level 9 in Unarmed Combat
  4857 | D:6      | Found Veru's Gadget Shop.
  5031 | D:7      | Reached skill level 1 in Necromancy
  5935 | D:8      | Noticed Maurice
  5941 | D:8      | Killed Maurice
  6081 | D:8      | Noticed Harold
  6093 | D:8      | Killed Harold
  6093 | D:8      | Reached skill level 10 in Unarmed Combat
  6093 | D:8      | Reached skill level 5 in Invocations
  6093 | D:8      | Reached XP level 10. HP: 27/104 MP: 12/12
  6659 | D:9      | Noticed Grum
  6676 | D:9      | Killed Grum
  7049 | D:9      | Found a staircase to the Lair.
  7208 | D:10     | Entered Level 10 of the Dungeon
  7747 | D:10     | Reached XP level 11. HP: 61/113 MP: 14/14
  7879 | D:10     | Noticed a tengu warrior
  8079 | D:10     | Killed a tengu warrior
  8079 | D:10     | Reached skill level 11 in Unarmed Combat
  8387 | D:11     | Noticed Nergalle
  8403 | D:11     | Killed Nergalle
  8798 | D:11     | Learned a level 4 spell: Olgreb's Toxic Radiance
  8873 | D:11     | Noticed Sonja
  8983 | D:11     | Reached skill level 1 in Evocations
  9287 | D:11     | Reached skill level 1 in Shields
  9341 | D:11     | Found a staircase to the Orcish Mines.
  9473 | D:12     | Reached skill level 1 in Poison Magic
  9495 | D:12     | Noticed a red ugly thing
  9505 | D:12     | Killed a red ugly thing
  9975 | D:12     | Found a runed translucent gate.
  9975 | D:12     | Found a runed translucent gate.
  9976 | D:12     | Found a runed translucent gate.
  9979 | D:12     | Noticed Muar's ghost (journeyman DrCj)
 10202 | D:12     | Noticed a white ugly thing
 10213 | D:12     | Killed a white ugly thing
 10218 | D:12     | Noticed a white ugly thing
 10595 | Lair:1   | Entered Level 1 of the Lair of Beasts
 10761 | Lair:1   | Reached XP level 12. HP: 111/123 MP: 16/16
 11923 | Lair:2   | Reached skill level 12 in Unarmed Combat
 12140 | Lair:2   | Noticed a five-headed hydra
 12157 | Lair:2   | Killed a five-headed hydra
 12205 | Lair:2   | Found a staircase to the Swamp.
 12823 | Lair:3   | Noticed an eight-headed hydra
 12846 | Lair:3   | Killed an eight-headed hydra
 12895 | Lair:3   | Reached skill level 5 in Shields
 12950 | Lair:3   | You fall into a shaft and drop 2 floors!
 13790 | Lair:3   | Reached XP level 13. HP: 73/131 MP: 19/19
 13803 | Lair:3   | HP: 4/131 [yak (15)]
 13804 | Lair:3   | Mangled by a yak

Levels and vault maps discovered:
D:1:      minmay_arrival_checkered_box, layout_loops_cross, serial_forest,
          infiniplex_forest_straight_1, infiniplex_forest_lined_2,
          infiniplex_forest_split, infiniplex_forest_join,
          infiniplex_forest_fountain
D:2:      layout_loops_cross, uniq_sigmund, uniq_robin
D:3:      layout_basic, chequers_ecumenical_altar_simple_redux
D:4:      layout_basic, minmay_a_box_with_orc_wizards_in_it
D:5:      layout_cave_pools, first_ration, gup_sewer_entry_spiral,
          serial_bayou_pond_e
D:6:      layout_loops_ring, minitemple, minmay_temple_entry_mini_moons,
          serial_shops, kennysheep_mini_moat, shop, nicolae_shop_trees,
          shop_coins, nicolae_shop_overgrown_old_shop, tgw_sif
D:7:      layout_cave_pools
D:8:      kennysheep_blocky_hall, layout_basic, old_standard_altar,
          ebering_ghost_reflecting_pool, uniq_maurice, uniq_harold, uniq_maggie
D:9:      layout_basic, grunt_lair_entry_orc_guard_hut, uniq_grum
D:10:     layout_roguey, hangedman_little_slice_of_home
D:11:     layout_gridville, david_orc_1_choice, kennysheep_generic_room_16,
          uniq_sonja, uniq_nergalle
D:12:     layout_loops_corners, ebering_ghost_rock_garden
Lair:1:   beast_lair_carwin_large_2, layout_long_grid
Lair:2:   layout_misc_corridors, swamp_mist, minmay_lair_oklob_chamber
Lair:3:   layout_loops_ring, chequers_serial_rivers_room_b
Lair:4:   layout_concentric_octagons, minmay_snake_entry_guardpost_medium,
          eino_small_chamber_without_monster, grunt_megastairs_5
Lair:5:   layout_cave_pods, nicolae_slime_entry_slimehenge, minivault_27,
          uniq_kirke

Skill      XL: |  1  2  3  4  5  6  7  8  9 10 11 12 |
---------------+-------------------------------------+-----
Fighting       | 3 4 5 6 7 8 9 |  9.6
Unarmed Combat | 4 5 6 7 8 10 11 12 | 12.7
Invocations    | 5 6 7 9 |  9.5
Necromancy     | 3 4 |  4.1
Dodging        | 3 |  3.9
Evocations     | 2 |  2.2
Shields        | 2 5 |  5.5
Poison Magic   | 2 |  2.9
Stealth        | |  1.0

Action                   |  1- 3 |  4- 6 |  7- 9 | 10-12 | 13-15 || total
-------------------------+-------+-------+-------+-------+-------++-------
Melee: Unarmed           |   103 |    87 |   372 |   703 |    12 ||  1277
       Punch             |     1 |     1 |    19 |    14 |       ||    35
Throw: Stone             |       |       |     4 |       |       ||     4
       Boomerang         |       |       |    13 |     6 |       ||    19
       Dart              |       |       |     1 |     5 |       ||     6
       Javelin           |       |       |       |     2 |       ||     2
       Large rock        |       |       |       |     2 |       ||     2
Invok: Stomp             |       |       |     1 |     1 |       ||     2
Evoke: Wand              |       |       |       |    17 |       ||    17
  Use: Scroll            |       |       |    16 |    13 |       ||    29
       Potion            |       |       |     1 |     8 |     2 ||    11
 Stab: Sleeping          |     4 |     4 |     5 |     6 |       ||    19
       Paralysed         |       |       |     5 |    52 |       ||    57
  Eat: Chunk             |    15 |     9 |    38 |    73 |       ||   135
       Ration            |       |       |     1 |     2 |       ||     3
Armor: Robe              |    37 |    19 |   174 |   204 |     1 ||   435
Dodge: Dodged            |    44 |    41 |   228 |   243 |    10 ||   566
Block: Kite shield       |       |       |       |   183 |     4 ||   187

Table legend:
 A = Non-vault XP
 B = Vault XP
 C = Vault XP percentage of total XP
 D = Non-vault monster count
 E = Vault monster count
 F = Vault count percentage of total count
                 A         B        C        D         E       F
            +---------+---------+-------+---------+---------+-------
      Total |   29187 |    9854 |  25.2 |     325 |      74 |  18.5
            +---------+---------+-------+---------+---------+-------
        D:1 |      31 |       0 |   0.0 |      18 |       0 |   0.0
        D:2 |      34 |     260 |  88.4 |      10 |      13 |  56.5
        D:3 |     322 |       0 |   0.0 |      33 |       0 |   0.0
        D:4 |     845 |     125 |  12.9 |      35 |       3 |   7.9
        D:5 |     399 |      44 |   9.9 |      13 |       5 |  27.8
        D:6 |     955 |      96 |   9.1 |      21 |       1 |   4.5
        D:7 |    1132 |       0 |   0.0 |      16 |       0 |   0.0
        D:8 |     770 |    1456 |  65.4 |      21 |       5 |  19.2
        D:9 |    1617 |    1267 |  43.9 |      23 |      10 |  30.3
       D:10 |    3160 |     165 |   5.0 |      28 |       8 |  22.2
       D:11 |    1356 |    1880 |  58.1 |      15 |      11 |  42.3
       D:12 |    5014 |       0 |   0.0 |      35 |       0 |   0.0
     Lair:1 |    2626 |    2561 |  49.4 |      16 |      10 |  38.5
     Lair:2 |    2482 |    1018 |  29.1 |       7 |       3 |  30.0
     Lair:3 |    6822 |     982 |  12.6 |      26 |       5 |  16.1
     Lair:5 |    1622 |       0 |   0.0 |       8 |       0 |   0.0
            +---------+---------+-------+---------+---------+-------
